 Dungeon Crawl Stone Soup version 0.26.1-11-gd32895ea62 (webtiles) character file.

Game seed: 1505605342834404706

996 nothank2 the Carver (level 7, -3/51 HPs)
             Began as a Minotaur Fighter on June 22, 2021.
             Was an Initiate of Hepliaklqana.
             Slain by a two-headed ogre
             ... wielding a +0 giant club
              (6 damage)
             ... on level 8 of the Dungeon.
             The game lasted 00:10:05 (4491 turns).

nothank2 the Carver (Minotaur Fighter)              Turns: 4491, Time: 00:10:05

Health: -3/51      AC: 14    Str: 23    XL:     7   Next: 99%
Magic:  6/6        EV:  4    Int:  3    God:    Hepliaklqana [......]
Gold:   358        SH:  9    Dex:  9    Spells: 6/6 levels left

rFire    x . .     SeeInvis +   a - +1 long sword
rCold    + . .     Faith    .   c - +0 kite shield
rNeg     . . .     Spirit   .   D - -1 plate armour (curse)
rPois    .         Reflect  .   (helmet restricted)
rElec    .         Harm     .   (no cloak)
rCorr    .         Rampage  .   u - +2 pair of gloves
Will     .....     Clarity  +   s - +0 pair of boots
Stlth    ..........             x - amulet of regeneration
HPRegen  0.57/turn              r - ring of ice
MPRegen  0.10/turn              C - ring of see invisible

@: no status effects
A: retaliatory headbutt, reduced essence, horns 2, clarity, dopey 1
a: Renounce Religion, Recall Ancestor, Ancestor Identity


You were on level 8 of the Dungeon.
You worshipped Hepliaklqana.
Hepliaklqana was noncommittal.
You visited 2 branches of the dungeon, and saw 8 of its levels.

You collected 358 gold pieces.

Inventory:

Hand Weapons
 a - a +1 long sword (weapon)
Armour
 b - a +0 scale mail
 c - a +0 kite shield (worn)
 s - a +0 pair of boots (worn)
 u - a +2 pair of gloves (worn)
 D - a cursed -1 plate armour (worn)
 E - a +0 chain mail
Jewellery
 k - an uncursed amulet of guardian spirit
 r - a ring of ice (left hand)
 x - an amulet of regeneration (around neck)
 C - a ring of see invisible (right hand)
Scrolls
 g - a scroll of amnesia
 i - 4 scrolls of teleportation
 j - a scroll of fear
 v - a scroll of enchant armour
Potions
 d - a potion of might
 f - 2 potions of heal wounds
 l - 2 potions of curing
 n - 4 potions of attraction
 o - 3 potions of lignification
 p - a potion of berserk rage
 q - a potion of degeneration
 t - 6 potions of flight


   Skills:
 - Level 3.6 Fighting
 + Level 11.1 Long Blades
 - Level 3.6 Armour
 - Level 3.6 Shields


You had 6 spell levels left.
You didn't know any spells.
Your spell library was empty.

Dungeon Overview and Level Annotations

Branches:
Dungeon (6/15)             Temple (1/1) D:5

Altars:
Elyvilon
Hepliaklqana
Okawaru
Sif Muna
Wu Jian
Yredelemnul


Innate Abilities, Weirdness & Mutations

You reflexively headbutt those who attack you in melee.
You have a pair of horns on your head.
Your life essence is reduced to manifest your ancestor. (-10% HP)
You possess an exceptional clarity of mind.
You are dopey. (Int -2)


Message History

The centaur wields a +0 shortbow.
The centaur shoots an arrow.
The arrow hits you but does no damage.
You hit the two-headed ogre.
You headbutt the two-headed ogre, but do no damage.
The two-headed ogre is severely wounded.
The two-headed ogre hits you with a +0 giant club!
The two-headed ogre hits you with a cursed -1 dire flail.
An ice beast comes into view.
You barely miss the two-headed ogre. You headbutt the two-headed ogre.
The two-headed ogre is severely wounded.
The centaur shoots an arrow.
The arrow hits you.
The two-headed ogre hits you with a +0 giant club!
* * * LOW HITPOINT WARNING * * *
The two-headed ogre hits you with a cursed -1 dire flail!
* * * LOW HITPOINT WARNING * * *
You hit the two-headed ogre.
The two-headed ogre is almost dead.
The ice beast hits you but does no damage.
The two-headed ogre hits you with a +0 giant club.
You die...

#.# #.# #.#
#.# #.#
#.#########
#.....O....
#O#####.#####
#.#hO@Y...c..
#.#.###.#####
#.#.# #
#.#.### ##
####'#...#..
#.....#.##.#
#.....++##.###
#.........>...
####......###


You could see a two-headed ogre, an ice beast, a centaur and a howler monkey
(catching breath).

Vanquished Creatures
  An ogre (D:5)
  2 centaurs (D:6)
  A bullfrog (D:6)
  A howler monkey (D:8)
  4 wights (D:6)
  3 hounds
  An orc priest (D:3)
  An orc wizard (D:6)
  3 worker ants (D:5)
  A hound zombie (D:5)
  3 gnolls (D:5)
  7 adders
  A white imp (D:6)
  2 adder skeletons
  5 worms
  2 dart slugs
  3 leopard geckos
  9 orcs
  5 giant cockroaches
  13 goblins
  8 hobgoblins
  3 jackals (D:1)
  9 kobolds
  A quokka (D:6)
  10 bats
  5 frilled lizards
  9 rats
113 creatures vanquished.

Vanquished Creatures (collateral kills)
  An orc priest (D:6)
  An orc (D:6)
  A ball python (D:6)
3 creatures vanquished.

Vanquished Creatures (others)
  An ancestor (D:8)
1 creature vanquished.

Grand Total: 117 creatures vanquished

Notes
Turn   | Place    | Note
-------+----------+-------------------------------------------
     0 | D:1      | nothank2 the Minotaur Fighter began the quest for the Orb.
     0 | D:1      | Reached XP level 1. HP: 19/19 MP: 0/0
     2 | D:1      | Noticed a halfling
     4 | D:1      | Noticed a vine stalker
     4 | D:1      | Noticed a dwarf
     6 | D:1      | Noticed a vampire
     6 | D:1      | Noticed a centaur
     8 | D:1      | Noticed a felid
     8 | D:1      | Noticed a draconian
    10 | D:1      | Noticed a formicid
    12 | D:1      | Noticed an ogre
    12 | D:1      | Noticed a naga
    14 | D:1      | Noticed a merfolk
    14 | D:1      | Noticed a minotaur
    16 | D:1      | Noticed an elf
    18 | D:1      | Noticed a tengu
    18 | D:1      | Noticed an octopode
    20 | D:1      | Noticed a demonspawn
    20 | D:1      | Noticed a demigod
    22 | D:1      | Noticed a human
    22 | D:1      | Noticed a gargoyle
    24 | D:1      | Noticed a ghoul
    24 | D:1      | Noticed a troll
    26 | D:1      | Noticed a spriggan
    40 | D:1      | Reached skill level 3 in Long Blades
    64 | D:1      | Reached XP level 2. HP: 23/26 MP: 1/1
   285 | D:1      | Reached skill level 4 in Long Blades
   474 | D:1      | Reached XP level 3. HP: 30/31 MP: 2/2
  1207 | D:2      | Reached skill level 5 in Long Blades
  1391 | D:2      | Found a white marble altar of Elyvilon.
  1713 | D:3      | Reached XP level 4. HP: 38/39 MP: 3/3
  1814 | D:3      | Reached skill level 6 in Long Blades
  2273 | D:3      | Reached XP level 5. HP: 45/45 MP: 4/4
  2397 | D:4      | Found the +9 staff of Olgreb {rPois∞}
  2980 | D:4      | Found a shimmering blue altar of Sif Muna.
  2981 | D:4      | Found an ornate altar of the Wu Jian Council.
  3105 | D:5      | Entered Level 5 of the Dungeon
  3117 | D:5      | Found an iron altar of Okawaru.
  3169 | D:5      | Reached skill level 7 in Long Blades
  3507 | D:5      | Reached XP level 6. HP: 46/51 MP: 5/5
  3524 | D:5      | Found a staircase to the Ecumenical Temple.
  3581 | Temple   | Entered the Ecumenical Temple
  3599 | Temple   | Became a worshipper of Hepliaklqana the Forgotten
  3663 | D:5      | Reached skill level 8 in Long Blades
  3757 | D:5      | Found a basalt altar of Yredelemnul.
  3918 | D:6      | Reached skill level 9 in Long Blades
  4072 | D:6      | Reached XP level 7. HP: 25/51 MP: 6/6
  4200 | D:6      | Reached skill level 10 in Long Blades
  4326 | D:6      | Gained mutation: You are dopey. (Int -2) [potion of
                  | mutation]
  4326 | D:6      | Gained mutation: You possess an exceptional clarity of
                  | mind. [potion of mutation]
  4428 | D:6      | You fall into a shaft and drop 2 floors!
  4454 | D:8      | Noticed a two-headed ogre
  4473 | D:8      | Reached skill level 11 in Long Blades
  4491 | D:8      | Slain by a two-headed ogre

Illustrated notes

Levels and vault maps discovered:
D:1:      kb_arrival_jail, layout_loops_ring, ebering_dispersal_statue_hall
D:2:      layout_basic, lemuel_round_altar, grunt_ministairs_14
D:3:      layout_loops_ring
D:4:      layout_loops_ring, gammafunk_temple_overflow_pools, feat_on_display
D:5:      corexii_shack_village, layout_loops_ring, okawaru_metal_pillars_3,
          general_overflow_altar, minmay_temple_entry_stoned_glass
D:6:      layout_loops_ring, uniq_maggie
D:8:      layout_basic, lair_entry_dummy, chequers_serial_rivers_micro_c
Temple:   regret_index_temple_generic_petals

Skill      XL: |  1  2  3  4  5  6  7 |
---------------+----------------------+-----
Long Blades    | 3 4 5 6 7 9 11 | 11.1
Fighting       | |  3.6
Armour         | |  3.6
Shields        | |  3.6

Action                   |  1- 3 |  4- 6 |  7- 9 || total
-------------------------+-------+-------+-------++-------
Melee: Long sword        |   106 |   136 |    79 ||   321
       Headbutt          |     7 |    25 |    15 ||    47
Invok: Recall Ancestor   |       |       |     1 ||     1
  Use: Scroll            |       |       |    18 ||    18
       Potion            |       |       |     1 ||     1
Armor: Scale mail        |    56 |    34 |    10 ||   100
       Plate armour      |       |       |    32 ||    32
Dodge: Dodged            |    36 |    27 |    17 ||    80
Block: Kite shield       |    46 |    61 |    51 ||   158
       Rpst.: Long sword |     9 |    10 |     7 ||    26
